 Dungeon Crawl Stone Soup version 0.27.1 (webtiles) character file.

Game seed: 950004338425187438

23 leandru the Digger (level 3, 26/26 HPs)
             Began as a Ghoul Earth Elementalist on Aug 30, 2021.
             Quit the game on level 2 of the Dungeon.
             The game lasted 00:19:53 (766 turns).

leandru the Digger (Ghoul Earth Elementalist)        Turns: 766, Time: 00:19:53

Health: 26/26      AC:  8    Str: 12    XL:     3   Next: 0%
Magic:  5/5        EV: 10    Int: 10    God:
Gold:   41         SH:  0    Dex:  9    Spells: 5/6 levels left

rFire    . . .     SeeInvis .   h - +0 hand axe
rCold    + . .     Faith    .   (no shield)
rNeg     + + +     Spirit   .   a - +3 ring mail
rPois    ∞         Reflect  .   (no helmet)
rElec    .         Harm     .   (no cloak)
rCorr    .         Rampage  .   (no gloves)
Will     .....                  (no boots)
Stlth    +.........             (no amulet)
HPRegen  0.08/turn              (no ring)
MPRegen  0.09/turn              (no ring)

@: hasted, very quick
A: claws 1, cold resistance 1, negative energy resistance 3, inhibited
regeneration, torment resistance 2
a: no special abilities


You were on level 2 of the Dungeon.
You visited 1 branch of the dungeon, and saw 2 of its levels.

You collected 41 gold pieces.

Inventory:

Hand Weapons
 d - a +0 whip
 e - a +0 dagger
 f - a +0 dagger
 h - a +0 hand axe (weapon)
Missiles
 c - 24 stones (quivered)
Armour
 a - a +3 ring mail (worn)
 b - a +0 robe
 g - a +0 leather armour
 i - a +0 ring mail


   Skills:
 + Level 0.1 Maces & Flails
 + Level 0.4 Throwing
 + Level 0.3 Armour
 + Level 1.9 Dodging
 + Level 2.1 Stealth
 + Level 2.2 Spellcasting
 + Level 0.8 Transmutations
 + Level 3.6 Earth Magic


You had 5 spell levels left.
You knew the following spells:

 Your Spells              Type           Power      Damage    Failure   Level
a - Sandblast             Erth           16%        2d6       16%         1

Your spell library contained the following spells:

 Spells                   Type           Power      Damage    Failure   Level
 Passwall                 Tmut/Erth      4%         N/A       38%         2
 Stone Arrow              Conj/Erth      8%         3d7       69%         3
 Corpse Rot               Necr/Air       N/A        N/A       71%         2
 Poisonous Vapours        Pois/Air       2%         N/A       71%         2
 Petrify                  Tmut/Erth      5%         N/A       95%         4
 Freezing Cloud           Conj/Ice/Air   0%         6-21      100%        5


Dungeon Overview and Level Annotations

Branches:
Dungeon (2/15)

Altars:


Innate Abilities, Weirdness & Mutations

You thrive by killing the living.
You are immune to poison.
You have sharp fingernails.
Your flesh is cold resistant. (rC+)
You are immune to negative energy. (rN+++)
You do not regenerate when monsters are visible.
You are immune to unholy pain and torment.


Message History

You closely miss the goblin.
A kobold comes into view. It is wielding a +0 short sword.
The goblin closely misses you.
You closely miss the goblin. The goblin misses you.
You hit the goblin but do no damage. The goblin hits you but does no damage.
Found a ruby potion.
The goblin barely misses you.
There is an open door here.
Found a scroll labelled NUFEOGANAY.
Your magical contamination has completely faded away.
You see here a ruby potion.
It was a potion of haste.
You feel yourself speed up. The goblin hits you but does no damage.
You barely miss the goblin. You hit the kobold.
You kill the kobold!
The goblin closely misses you.
You hit the goblin.
The goblin is heavily wounded.
The goblin hits you but does no damage.
You miss the goblin.
The goblin is heavily wounded.
The goblin barely misses you. The goblin hits you but does no damage.
Things that are here:
a +0 short sword; a kobold corpse You closely miss the goblin.
The goblin is heavily wounded.
The goblin barely misses you.
You closely miss the goblin.
The goblin is heavily wounded.
You barely miss the goblin.
The goblin is heavily wounded.
The goblin hits you with a +0 club.
You hit the goblin.
You kill the goblin!
You feel better.
You have reached level 3!
Your experience leads to an increase in your attributes!
Increase (S)trength, (I)ntelligence, or (D)exterity?
You feel stronger.
Are you sure you want to abandon this character and quit the game? (Confirm with "yes".)

##.#######.# #<......##
.......?..#.#.........
#......##.........###.
#......##.#.###.#...#
#......##.#.....#.#.#
#......##.#.....#.#.#
#####......##.#.#...#.#.#
...........'..>.....#.#.#
####...)@.##.........#..
#......##..##########
#......##..>.
###.######K### #.# #..
#.# #... #.# #... #..
#.... ##.


There were no monsters in sight!

Vanquished Creatures
  2 dart slugs (D:1)
  2 bats
  2 endoplasms (D:1)
  A giant cockroach (D:1)
  2 goblins
  2 hobgoblins (D:1)
  A quokka (D:1)
  A frilled lizard (D:1)
  3 kobolds
16 creatures vanquished.

Notes
Turn   | Place    | Note
-------+----------+-------------------------------------------
     0 | D:1      | leandru the Ghoul Earth Elementalist began the quest for
                  | the Orb.
     0 | D:1      | Reached XP level 1. HP: 14/14 MP: 2/2
   241 | D:1      | Reached XP level 2. HP: 20/20 MP: 0/4
   766 | D:2      | Reached XP level 3. HP: 26/26 MP: 5/5
   766 | D:2      | Quit the game

Illustrated notes

Levels and vault maps discovered:
D:1:      amcnicky_arrival_single_pillar, layout_loops_cross,
          basic_ecumenical_altar
D:2:      layout_basic, serial_shops, shop

Skill      XL: |  1 |
---------------+----+-----
Spellcasting   | 2 |  2.2
Maces & Flails | |  0.1
Throwing       | |  0.4
Armour         | |  0.3
Dodging        | |  1.9
Stealth        | |  2.1
Transmutations | |  0.8
Earth Magic    | |  3.6

Action                   || total
-------------------------++-------
Melee: Whip              ||    25
       Hand axe          ||    18
Throw: Stone             ||    14
 Cast: Sandblast         ||     8
  Use: Potion            ||     3
       Scroll            ||     1
 Stab: Sleeping          ||     1
Armor: Ring mail         ||    47
       Robe              ||     1
Dodge: Dodged            ||    46
